Map: Frozen Temple

Players

cHuT - Winner!

  • Race: Terran Terran

Arranion

  • Race: Zerg Zerg
  • League: Platinum

VOD

Have the link to the VOD?

Description

Time

  • Played on: April 9, 2016, 4:52 p.m.
  • Length: 12:36
Show
View Real Time Build Order
Export as new Build Order

cHuT Terran - Winner!

Build Orders: Reaper Expand, MMM Bio 

Get SALT Encoding   

  12  0:00  SCV  
  13  0:13  SCV  
  14  0:17  Supply Depot  
  14  0:25  SCV  
  15  0:39  SCV  
  15  0:42  Barracks  
  16  0:44  Refinery  
  16  0:51  SCV  
  17  1:03  SCV  
  18  1:15  SCV  
  19  1:31  Barracks Reactor  
  19  1:33  Reaper  
  19  1:35  Orbital Command  
  20  1:47  Command Center  
  20  2:01  Supply Depot  
  20  2:02  SCV  
  20  2:05  Barracks Reactor  
  21  2:14  SCV  
  22  2:18  Refinery  
  22  2:26  SCV  
  22  2:27  Factory  
  23  2:38  SCV  
  23  2:41  Marine x2  
  26  2:50  SCV  
  27  2:59  Marine x2  
  27  3:02  SCV  
  27  3:04  Orbital Command  
  27  3:05  Bunker  
  30  3:14  Starport, SCV  
  30  3:15  Factory Tech Lab  
  31  3:22  Marine x2  
  31  3:26  SCV  
  34  3:33  SCV  
  35  3:38  SCV  
  35  3:39  Supply Depot  
  36  3:45  SCV  
  36  3:46  Marine x2  
  39  3:50  Siege Tank  
  39  3:51  SCV  
  39  3:53  Medivac  
  45  3:57  SCV  
  45  3:58  Supply Depot  
  46  4:04  SCV  
  46  4:06  Marine x2  
  46  4:09  SCV  
  50  4:16  SCV  
  51  4:21  SCV  
  52  4:30  Factory Tech Lab, SCV  
  53  4:33  SCV  
  53  4:34  Viking  
  53  4:37  Command Center  
  56  4:42  Factory Tech Lab  
  56  4:43  Factory Reactor  
  56  4:44  Barracks  
  56  4:46  Barracks, SCV x2  
  58  4:53  Marauder  
  58  4:58  SCV x2, Supply Depot  
  62  5:00  Supply Depot  
  62  5:03  Supply Depot  
  62  5:19  SCV  
  62  5:20  SCV  
  61  5:31  SCV  
  61  5:32  SCV  
  61  5:33  Marine x2, Marauder  
  67  5:44  Factory Tech Lab, SCV x2  
  67  5:45  Marine x2  
  67  5:49  Orbital Command  
  64  5:51  Starport Reactor, Stimpack  
  64  5:55  Refinery x2  
  64  5:56  SCV x2  
  66  6:00  Barracks  
  66  6:01  Barracks  
  66  6:02  Marine x3  
  66  6:04  Marine x2  
  71  6:12  Engineering Bay, Orbital Command  
  71  6:14  Engineering Bay, SCV x2  
  74  6:21  Marine x3  
  74  6:22  Factory Reactor  
  76  6:26  SCV  
  76  6:27  SCV  
  76  6:29  Marine x2  
  80  6:39  SCV x2  
  82  6:41  Terran Infantry Armor Level 1, Terran Infantry Weapons Level 1  
  82  6:43  SCV  
  82  6:44  Medivac x2  
  86  6:48  Supply Depot  
  86  6:51  SCV  
  87  6:57  SCV x2  
  89  7:03  SCV  
  89  7:07  Barracks Reactor, Barracks Tech Lab  
  90  7:09  SCV  
  90  7:10  Barracks, Widow Mine, Armory  
  90  7:11  Widow Mine  
  90  7:13  SCV  
  90  7:14  Medivac x2  
  90  7:15  SCV  
  101  7:21  SCV  
  101  7:22  Marine x4  
  106  7:23  Marine  
  106  7:25  SCV  
  106  7:27  SCV  
  109  7:34  Combat Shields  
  109  7:38  Starport  
  109  7:39  Refinery  
  109  7:40  Refinery  
  109  7:43  Supply Depot  
  109  7:44  Supply Depot  
  109  7:45  Supply Depot x2, Missile Turret  
  109  7:46  Missile Turret  
  109  7:48  Liberator x2  
  109  7:49  Missile Turret  
  109  7:52  Concussive Shells, Marine  
  109  8:04  Marine x3  
  109  8:05  Marauder x2, SCV x3  
  125  8:11  Widow Mine x2, Marauder  
  131  8:13  Marine x3  
  134  8:21  Sensor Tower  
  134  8:22  Marine  
  134  8:25  Marine x2  
  134  8:26  Marauder  
  139  8:28  Marauder  
  139  8:30  Command Center  
  139  8:33  Sensor Tower  
  141  8:42  Starport Tech Lab  
  141  8:49  Terran Infantry Weapons Level 2  
  141  8:51  Terran Infantry Armor Level 2  
  141  9:08  Marine x3  
  141  9:09  Liberator x2  
  141  9:10  Marine  
  141  9:11  SCV  
  141  9:13  SCV x2  
  141  9:14  Marine  
  141  9:15  Marauder  
  141  9:16  Marine  
  141  9:17  Widow Mine  
  141  9:19  Marauder  
  141  9:20  Widow Mine  
  141  9:22  Marauder  
  141  9:24  SCV  
  137  9:26  Marine x2  
  137  9:27  Marine  
  137  9:28  Marine  
  137  9:37  Marine, Marauder  
  137  9:38  Marine  
  135  9:41  Marauder  
  135  9:43  Marauder  
  135  9:44  Marine  
  125  9:46  Widow Mine  
  125  9:49  SCV x2  
  125  9:50  SCV  
  126  9:54  Missile Turret  
  126  9:57  Marine x4  
  126  9:58  Marauder  
  130  10:01  SCV  
  130  10:02  Marauder, SCV  
  130  10:05  Marauder  
  131  10:21  Marauder  
  119  10:23  Marauder  
  117  10:29  Marine x4, Medivac  
  117  10:30  Medivac x2  
  117  10:34  SCV  
  117  10:35  SCV x3  
  112  10:47  Marine, Marauder x3, SCV  
  112  10:49  SCV x2  
  118  10:54  Planetary Fortress  
  113  11:01  Missile Turret  
  113  11:08  Missile Turret  
  113  11:10  Missile Turret  
  113  11:11  SCV x2  
  113  11:12  SCV  
  116  11:19  Liberator  
  116  11:23  SCV  
  116  11:24  SCV x2  
  119  11:30  Marine  
  119  11:31  Marine x5  
  125  11:34  Marauder x3  
  135  11:47  SCV x4  
  138  11:57  Refinery  
  138  11:59  SCV x2  
  140  12:04  Marine x7  
  140  12:05  Marauder  
  140  12:06  Marauder  
  149  12:31  Command Center  
  149  12:33  Command Center  
Show
View Real Time Build Order
Export as new Build Order

Arranion Zerg 

Build Orders: Hatch First 

Get SALT Encoding   

  12  0:01  Drone  
  13  0:15  Drone  
  13  0:17  Overlord  
  14  0:25  Extractor, Drone  
  15  0:36  Drone  
  15  0:38  Drone  
  17  0:55  Hatchery  
  16  0:58  Drone  
  17  1:13  Spawning Pool  
  17  1:15  Extractor  
  15  1:20  Drone x2  
  15  1:24  Drone  
  18  1:36  Drone  
  19  1:44  Overlord  
  19  1:55  Drone  
  20  2:02  Queen  
  20  2:05  Zergling x2  
  23  2:11  Zergling x2  
  23  2:13  Queen  
  23  2:15  Drone  
  26  2:19  Metabolic Boost  
  26  2:23  Drone  
  28  2:30  Drone x2  
  28  2:45  Drone x2  
  30  2:55  Drone x2  
  31  3:01  Drone  
  32  3:07  Overlord  
  32  3:18  Drone x3  
  35  3:22  Extractor  
  35  3:23  Drone  
  35  3:28  Roach Warren  
  35  3:29  Drone x4  
  35  3:30  Drone x2  
  40  3:45  Zergling x4  
  40  3:46  Zergling x4  
  44  3:58  Extractor  
  44  3:59  Extractor  
  42  4:08  Drone x2  
  44  4:10  Overlord x2  
  44  4:11  Overlord x4  
  44  4:24  Lair  
  44  4:30  Drone  
  44  4:31  Drone x4  
  49  4:41  Spine Crawler, Spore Crawler  
  49  4:44  Drone x2, Spore Crawler  
  49  4:45  Spine Crawler  
  47  4:49  Evolution Chamber  
  46  4:58  Roach x4  
  46  4:59  Roach  
  56  5:12  Roach x3  
  56  5:13  Roach  
  58  5:49  Drone x5  
  65  5:50  Drone x2  
  65  5:56  Glial Reconstitution  
  65  5:58  Zerg Missile Weapons Level 1  
  65  6:05  Drone x2  
  67  6:11  Evolution Chamber  
  66  6:24  Drone  
  66  6:25  Drone x7  
  74  6:50  Burrow  
  74  6:53  Zerg Ground Armor Level 1  
  74  6:54  Roach  
  74  6:56  Overlord x5  
  74  6:57  Overlord  
  75  7:14  Tunneling Claws  
  75  7:17  Roach x5  
  85  7:23  Overlord x4  
  85  7:32  Ravager x3  
  85  7:33  Ravager x3  
  91  7:43  Roach  
  91  7:44  Roach x3  
  99  7:50  Roach x6  
  99  7:51  Roach  
  113  8:06  Overlord  
  113  8:08  Roach  
  114  8:18  Roach x8  
  130  8:20  Roach x4  
  130  8:21  Roach x11  
  130  8:39  Hatchery  
  128  8:46  Roach x3  
  128  8:47  Roach x3  
  128  8:49  Roach x9  
  146  8:58  Spire  
  146  8:59  Queen  
  146  9:00  Roach x3  
  127  9:36  Roach  
  127  9:37  Roach x10  
  137  9:55  Roach x27  
  137  9:59  Roach  
  139  10:00  Roach x4  
  129  10:17  Roach x8  
  107  10:25  Roach  
  107  10:26  Roach x6  
  95  10:39  Roach  
  95  10:40  Roach x5  
  91  10:55  Hatchery  
  78  11:13  Corruptor x3  
  78  11:15  Corruptor  
  86  11:33  Corruptor x2  
  86  11:37  Roach  
  86  11:38  Roach x2  
  96  11:41  Roach x7  
  96  11:42  Roach x3  
  96  11:54  Overseer  
  84  12:07  Roach  
  84  12:08  Roach x7  
Tags
 
Add a new tag
Caveats
  • Supply blocks, unpowered buildings, or Contaminate may cause inaccurate times.
  • Supply counts are checked every 10 seconds.